 Dungeon Crawl Stone Soup version 0.29-a0-802-g34511f41fd (webtiles) character file.

Game seed: 12067615623096328925

7717 blackman the Impaler (level 11, -4/72 HPs)
             Began as a Human Gladiator on July 3, 2022.
             Was an Initiate of Ashenzari.
             Engulfed by an ice statue's freezing vapour (25 damage)
             ... on level 9 of the Dungeon.
             The game lasted 00:21:00 (9491 turns).

blackman the Impaler (Human Gladiator)              Turns: 9491, Time: 00:21:01

Health: -4/72      AC: 16    Str: 19    XL:     11   Next: 42%
Magic:  11/11      EV:  8    Int:  9    God:    Ashenzari [......]
Gold:   550        SH:  0    Dex: 14    Spells: 10/10 levels left

rFire   . . .      SeeInvis .   m - +5 glaive of the Guard {elec, spectral, AC+5}
rCold   . . .      Faith    .   (shield currently unavailable)
rNeg    . . .      Spirit   .   h - +0 chain mail
rPois   .          Reflect  .   c - +0 helmet of Ashenzari's Chagrin {Melee, Elem} (curse)
rElec   .          Harm     .   r - +0 cloak
rCorr   .          Rampage  .   (no gloves)
Will    .....                   z - +0 pair of boots
Stlth   ..........              (no amulet)
HPRegen 0.22/turn               (no ring)
MPRegen 0.12/turn               (no ring)

@: no status effects
A: no striking features
a: Renounce Religion, Shatter the Chains


You were on level 9 of the Dungeon.
You worshipped Ashenzari.
Ashenzari was noncommittal.
You visited 2 branches of the dungeon, and saw 10 of its levels.

You collected 550 gold pieces.

Inventory:

Hand Weapons
 a - a +0 trident
 m - the +5 glaive of the Guard (weapon) {elec, spectral, AC+5}
   (You found it on level 2 of the Dungeon)

   It occasionally discharges a powerful burst of electricity upon striking a
   foe.
   When it strikes, its spirit leaps out and fights alongside the wielder.
   AC:        It affects your AC (+5).
Missiles
 d - 5 throwing nets (quivered)
 e - 5 javelins
 w - 19 poisoned darts
 C - 6 curare-tipped darts
Armour
 b - a +0 leather armour
 c - the cursed +0 helmet of Ashenzari's Chagrin (worn) {Melee, Elem}

   It has a curse which improves the following skills: Melee Combat: Short
   Blades, Long Blades, Axes, Maces & Flails, Polearms, Staves and Unarmed
   Combat.
   Elements:  Fire Magic, Ice Magic, Air Magic and Earth Magic.
 h - a +0 chain mail (worn)
 r - a +0 cloak (worn)
 z - a +0 pair of boots (worn)
Jewellery
 Q - a +6 ring of dexterity
Wands
 p - a wand of quicksilver (11)
 R - a wand of iceblast (5)
 T - a wand of mindburst (8)
Scrolls
 f - 13 scrolls of identify {unknown}
 g - 3 scrolls of torment {unknown}
 i - a scroll of enchant armour {unknown}
 k - 5 scrolls of immolation {unknown}
 l - 6 scrolls of teleportation {unknown}
 s - 2 scrolls of silence {unknown}
 u - a scroll of noise {unknown}
 y - 2 scrolls of acquirement {unknown}
 B - a scroll of summoning {unknown}
 D - 2 scrolls of enchant weapon {unknown}
 E - a scroll of amnesia {unknown}
 F - 3 scrolls of fear {unknown}
 H - a scroll of vulnerability {unknown}
 I - a scroll of fog {unknown}
 J - 2 scrolls of magic mapping {unknown}
 K - a scroll of poison {unknown}
 N - a scroll of brand weapon {unknown}
 U - a scroll of blinking {unknown}
Potions
 j - 3 potions of mutation {unknown}
 n - 3 potions of heal wounds
 o - 2 potions of might {unknown}
 q - a potion of invisibility {unknown}
 t - a potion of resistance
 v - 2 potions of flight
 x - a potion of haste {unknown}
 A - 3 potions of curing {unknown}
 G - 2 potions of ambrosia {unknown}
 L - a potion of magic {unknown}
 M - a potion of attraction {unknown}
 O - a potion of degeneration {unknown}
 P - a potion of brilliance
Miscellaneous
 S - a lightning rod (4/4)


   Skills:
 - Level 2.0 Fighting
 + Level 16.8(17.2) Polearms
 - Level 2.0 Throwing
 - Level 3.0 Dodging


You had 10 spell levels left.
You didn't know any spells.
Your spell library contained the following spells:

 Spells                   Type           Power      Damage    Failure   Level
 Foxfire                  Conj/Fire      0%         2x1d4     99%         1
 Necrotise                Necr           0%         1d4       99%         1
 Sting                    Tmut/Pois      0%         1d3       99%         1
 Poisonous Vapours        Pois/Air       0%         N/A       100%        2
 Static Discharge         Conj/Air       0%         3-3/arc   100%        2
 Conjure Flame            Conj/Fire      0%         6-21      100%        3
 Inner Flame              Hex/Fire       0%         N/A       100%        3
 Ozocubu's Armour         Ice            0%         N/A       100%        3
 Vampiric Draining        Necr           0%         2d6       100%        3
 Anguish                  Hex/Necr       0%         N/A       100%        4
 Flame Wave               Conj/Fire      0%         2d4       100%        4
 Olgreb's Toxic Radiance  Pois           0%         N/A       100%        4
 Agony                    Necr           0%         N/A       100%        5
 Lightning Bolt           Conj/Air       0%         1d11      100%        5
 Metabolic Englaciation   Hex/Ice        0%         N/A       100%        5
 Simulacrum               Ice/Necr       0%         N/A       100%        6
 Enfeeble                 Hex            0%         N/A       100%        7
 Maxwell's Capacitive Co  Air            0%         ∞         100%        8


Dungeon Overview and Level Annotations

Branches:
Dungeon (9/15)             Temple (1/1) D:7
   Lair: D:8-11         Orc: D:9-12

Altars:
Ashenzari
Dithmenos
Elyvilon
Fedhas
Gozag
Hepliaklqana
Kikubaaqudgha
Makhleb
Nemelex Xobeh
Qazlal
Ru
Sif Muna
Trog
Uskayaw
Vehumet
Xom
Yredelemnul
Zin
The Shining One

Shops:
D:3 !

Annotations:
D:6 2 transporters, kevlar127's ghost, novice TrBe
D:9 exclusion: ice statue


Message History

You barely miss the ice beast.
Your +5 glaive of the Guard {elec, spectral, AC+5} barely misses the ice beast.
You closely miss the ice beast.
Your +5 glaive of the Guard {elec, spectral, AC+5} hits the ice beast!!
The ice beast hits you. The ice beast freezes you.
You slash the ice beast!
You kill the ice beast!
The ice beast disappears in a puff of smoke!
The ice statue gestures at you. The shard of ice hits you!!
Reach: m) +5 glaive of the Guard {elec, spectral, AC+5}
Press: ? - help, Dir - move target, f - ice statue
Aim: an ice statue (about 6% to evade the +5 glaive of the Guard)
You reach to attack!
You hit the ice statue.
The ice statue is lightly damaged.
Your +5 glaive of the Guard {elec, spectral, AC+5} completely misses the ice statue.
The ice statue gestures at you.
The shard of ice hits your +5 glaive of the Guard {elec, spectral, AC+5}!!
Your +5 glaive of the Guard {elec, spectral, AC+5} partially resists.
Your spectral weapon shares its damage with you!
Your +5 glaive of the Guard {elec, spectral, AC+5} fades away.
Reach: m) +5 glaive of the Guard {elec, spectral, AC+5}
Press: ? - help, Dir - move target, f/p - ice statue
Aim: an ice statue (lightly damaged, about 6% to evade the +5 glaive of the Guard)
You reach to attack!
You slice the ice statue!!
The ice statue is moderately damaged.
Your +5 glaive of the Guard {elec, spectral, AC+5} hits the ice statue!
The ice statue gestures at your +5 glaive of the Guard {elec, spectral, AC+5}.
The freezing blast engulfs your +5 glaive of the Guard {elec, spectral, AC+5}.
Your +5 glaive of the Guard {elec, spectral, AC+5} resists.
Your spectral weapon shares its damage with you!
* * * LOW HITPOINT WARNING * * *
Reach: m) +5 glaive of the Guard {elec, spectral, AC+5}
Press: ? - help, Dir - move target, f/p - ice statue
Aim: an ice statue (freezing vapour, heavily damaged, not watching you, ally target, about 6% to evade the +5 glaive of the Guard)
You reach to attack!
You hit the ice statue.
The ice statue is severely damaged.
Your +5 glaive of the Guard {elec, spectral, AC+5} hits the ice statue!!
You are engulfed in freezing vapours.
You die...

#.# .................).###. #.#
####################.#.. #.#
......................## ..#
.$...................### .##
#.........########.# # #.#
###...☼$####.#...#.# # .##
##§§§## #.......# # ## ###○§§###
####.##### ######## #.##@##.#
#.......# #......######..#(#..#
#....##.##
....##.....)...#8#..####.........
#.#.....#####.####..........##.##
#.####.## #.##.#..####.##......
#..^...# #.##.#..# #.........
######## #.......# ###.######
####.#########.# #...
#......>....##.# #.##


You could see an ice statue (ally target) and a friendly +5 glaive of the Guard
{elec, spectral, AC+5} (summoned).

Vanquished Creatures
  Harold (D:9)
  Pikel (D:8)
  Psyche (D:8)
  Maggie (D:9)
  2 hornets
  A wyvern (D:9)
  Grum (D:8)
  2 steam dragons (D:8)
  Menkaure (D:4)
  5 water moccasins
  5 ice beasts
  6 orc warriors
  3 sky beasts
  3 black bears
  4 ogres
  2 wolves (D:8)
  A lemure (D:8)
  The ghost of pokeman the Magician, an amateur DEHW (D:3)
  4 kobold brigands
  2 bullfrogs
  4 scorpions
  5 wights
  16 killer bees
  6 howler monkeys
  2 hounds
  Crazy Yiuf (D:2)
  An orc priest (D:6)
  A jelly (D:6)
  Jessica (D:3)
  3 iguanas
  2 orc wizards
  Robin (D:3)
  5 gnolls
  7 adders
  2 shadow imps (D:5)
  3 white imps
  An ufetubus (D:5)
  4 worms
  3 dart slugs
  16 orcs
  6 bats
  4 endoplasms
  5 giant cockroaches
  16 goblins
  10 hobgoblins
  6 quokkas
  8 ball pythons
  5 frilled lizards
  26 kobolds
  6 rats
  A spectral orc (D:9)
224 creatures vanquished.

Notes
Turn   | Place    | Note
-------+----------+-------------------------------------------
     0 | D:1      | blackman the Human Gladiator began the quest for the Orb.
     0 | D:1      | Reached XP level 1. HP: 16/16 MP: 1/1
   191 | D:1      | Reached XP level 2. HP: 18/22 MP: 2/2
   622 | D:1      | Reached skill level 4 in Polearms
   622 | D:1      | Reached XP level 3. HP: 22/27 MP: 3/3
  1187 | D:2      | Found a runed translucent door.
  1188 | D:2      | Noticed Crazy Yiuf
  1798 | D:2      | Reached XP level 4. HP: 13/33 MP: 4/4
  1988 | D:2      | Found the +5 glaive of the Guard {elec, spectral, AC+5}
  2154 | D:2      | Found a radiant altar of Vehumet.
  2788 | D:2      | Killed Crazy Yiuf
  2789 | D:2      | Reached skill level 5 in Polearms
  2879 | D:3      | Noticed an ice beast
  2884 | D:3      | Killed an ice beast
  2885 | D:3      | Reached skill level 6 in Polearms
  2885 | D:3      | Reached XP level 5. HP: 28/38 MP: 5/5
  3046 | D:3      | Noticed Jessica
  3054 | D:3      | Reached XP level 6. HP: 44/44 MP: 6/6
  3056 | D:3      | Killed Jessica
  3069 | D:3      | Found a faded altar of an unknown god.
  3256 | D:3      | Noticed Robin
  3259 | D:3      | Killed Robin
  3336 | D:3      | Found Yvvaefom's Distillery.
  3354 | D:3      | Found a transporter.
  3358 | D:3      | Noticed pokeman's ghost (amateur DEHW)
  3358 | D:3      | Noticed an ice beast
  3375 | D:3      | Found a transporter.
  3391 | D:3      | Killed an ice beast
  3392 | D:3      | Reached skill level 7 in Polearms
  3393 | D:3      | Killed pokeman's ghost
  3394 | D:3      | Reached XP level 7. HP: 28/50 MP: 7/7
  3579 | D:3      | Found a faded altar of an unknown god.
  3583 | D:3      | Found a radiant altar of Vehumet.
  3645 | D:4      | Noticed Menkaure
  3653 | D:4      | Killed Menkaure
  3654 | D:4      | Reached skill level 8 in Polearms
  4201 | D:4      | Reached XP level 8. HP: 56/56 MP: 8/8
  4307 | D:5      | Entered Level 5 of the Dungeon
  4373 | D:5      | Found an opulent altar of Gozag.
  4380 | D:5      | Found an ancient bone altar of Kikubaaqudgha.
  4384 | D:5      | Found a blossoming altar of Fedhas.
  4423 | D:5      | Reached skill level 9 in Polearms
  4465 | D:5      | Reached skill level 10 in Polearms
  4531 | D:5      | Found a transporter.
  4565 | D:5      | Found a transporter.
  4585 | D:5      | Reached XP level 9. HP: 38/61 MP: 9/9
  4862 | D:5      | Reached skill level 11 in Polearms
  5509 | D:6      | Reached skill level 12 in Polearms
  5670 | D:6      | Found a glowing silver altar of Zin.
  5929 | D:6      | Found a transporter.
  5930 | D:6      | Noticed a two-headed ogre
  5930 | D:6      | Noticed kevlar127's ghost (novice TrBe)
  5935 | D:6      | Found a transporter.
  6256 | D:6      | Reached skill level 13 in Polearms
  6265 | D:6      | Reached XP level 10. HP: 65/67 MP: 10/10
  6535 | D:7      | Found a staircase to the Ecumenical Temple.
  6598 | Temple   | Entered the Ecumenical Temple
  6830 | D:7      | Reached skill level 14 in Polearms
  7668 | D:8      | Noticed Psyche
  7677 | D:8      | Killed Psyche
  7881 | D:8      | Noticed Pikel
  8079 | D:8      | Killed Pikel
  8174 | D:8      | Found a broken altar of Ashenzari.
  8185 | D:8      | Became a worshipper of Ashenzari the Shackled
  8220 | D:8      | Noticed Grum
  8224 | D:8      | Reached skill level 15 in Polearms
  8228 | D:8      | Killed Grum
  8376 | D:8      | Reached XP level 11. HP: 72/72 MP: 11/11
  8845 | D:9      | Reached skill level 16 in Polearms
  8944 | D:9      | Noticed Harold
  8950 | D:9      | Killed Harold
  9212 | D:9      | Found a hazy altar of Hepliaklqana.
  9261 | D:9      | Noticed Maggie
  9263 | D:9      | Killed Maggie
  9491 | D:9      | Engulfed by an ice statue's freezing vapour

Illustrated notes

Levels and vault maps discovered:
D:1:      spicycebolla_arrival_xxxplode, layout_basic
D:2:      minmay_skewed_foursquare, layout_basic, basic_altar,
          due_unseen_surprise, uniq_crazy_yiuf_cottage
D:3:      layout_basic, nicolae_overflow_ecumenical_swirl,
          gammafunk_ghost_arena, serial_shops, nicolae_shop_statue_plus,
          hellmonk_ecumenical_altar_arch_garden, minivault_25, uniq_robin,
          uniq_jessica
D:4:      layout_rooms, uniq_menkaure
D:5:      gammafunk_cloud_chamber, layout_cave_pods, minitemple, minivault_26
D:6:      layout_basic, marbit_many_paths, gammafunk_ghost_smash,
          kennysheep_minor_cross, kennysheep_cross_bottleneck
D:7:      layout_basic, minmay_temple_entry_slanted
D:8:      minmay_recursive_quarters, layout_basic,
          ashenzari_conservatory_becter, uniq_pikel, uniq_psyche, uniq_grum
D:9:      minmay_statue_hallways, layout_loops_cross,
          nicolae_hepliaklqana_monster_ancestors, hiddenorc2_lemuel,
          uniq_maggie, uniq_harold
Temple:   chequers_temple_sunken

Skill      XL: |  1  2  3  4  5  6  7  8  9 10 11 |
---------------+----------------------------------+-----
Polearms       | 4 6 7 8 10 13 15 16 | 16.8
Fighting       | |  2.0
Throwing       | |  2.0
Dodging        | |  3.0

Action                   |  1- 3 |  4- 6 |  7- 9 | 10-12 || total
-------------------------+-------+-------+-------+-------++-------
Melee: Trident           |   148 |       |       |       ||   148
       Punch             |     1 |       |       |       ||     1
       Glaive            |       |    42 |    86 |   130 ||   258
Invok: Curse Item        |       |       |       |     1 ||     1
  Use: Potion            |     1 |       |     1 |     1 ||     3
Armor: Chain mail        |    85 |    11 |    25 |    46 ||   167
Dodge: Dodged            |    50 |     8 |    20 |    26 ||   104

Table legend: (Time is in decaauts)
 A = Elapsed time spent in this place.
 B = Non-inter-level travel time spent in this place.
 C = Inter-level travel time spent in this place.
 D = Time resting spent in this place.
 E = Time spent auto-exploring this place.
 F = Levels seen in this place.
 G = Mean time per level.
                   A        B        C        D        E       F      G
               +--------+--------+--------+--------+--------+-----+--------+
         Total |   9590 |   9155 |    435 |   1011 |   6990 |  10 |  959.0 |
       Dungeon |   9398 |   8976 |    422 |   1011 |   6820 |   9 | 1044.2 |
        Temple |    192 |    179 |     13 |      0 |    170 |   1 |  192.0 |
               +--------+--------+--------+--------+--------+-----+--------+

Top non-repeatable levels by time:
     D:2: 1753 daAuts
     D:7: 1388 daAuts
     D:6: 1215 daAuts
     D:1: 1114 daAuts
     D:5: 973 daAuts
     D:8: 814 daAuts
     D:3: 783 daAuts
     D:4: 694 daAuts
     D:9: 661 daAuts
  Temple: 192 daAuts
